AoeStats
← Chiripa605

Black Forest

507038842Analyzed
4v4 RM · 16d ago on Sep 16, 2026· 28m 13s· 8 players
Game mode
Random Map
Map size
Large (8 player)
Population
200
Speed
Normal
Resources
Standard
Victory
Conquest
Starting age
Dark Age
Ending age
Imperial Age
RankedLock teamsTeams togetherTeam positionsShared explorationLock speedFull tech treeHidden civsTurbo modeCheats
Victory
Defeat
🇩🇪 Gurjaras · Germany
1339
+13
🇸🇪 Persians · Sweden
1336
+13
🇨🇭 Saracens · Switzerland
1266
+16
🇺🇸 Wu · United States
1241
+16
🇳🇵 Khmer · Nepal
1318
-17
🇨🇳 Japanese · China
1271
-15
🇰🇬 Malay · Kyrgyzstan
1229
-13
🇭🇰 Persians · Hong Kong SAR China
1223
-13
Ace0830
2:10 Loom
11:13 Feudal Age
11:20 Man-at-Arms
11:59 Horse Collar
13:05 Arson
16:23 Fletching
17:23 Padded Archer Armor
17:37 Forging
19:51 Wheelbarrow
24:12 Castle Age
22:46 Scale Mail Armor
22:59 Double-Bit Axe
23:37 Gold Mining
25:08 Bow Saw
24:51 Gambesons
26:12 Squires
26:29 Chain Mail Armor
25:54 Long Swordsman
ocheda
1:48 Loom
12:34 Feudal Age
17:03 Castle Age
16:17 Double-Bit Axe
16:15 Horse Collar
GemGem27
4:12 Loom
12:46 Feudal Age
16:53 Castle Age
15:36 Horse Collar
16:49 Double-Bit Axe
17:52 Scale Barding Armor
20:22 Chain Barding Armor
23:15 Bloodlines
Te0n
4:42 Loom
11:23 Feudal Age
15:10 Castle Age
13:23 Double-Bit Axe
13:37 Horse Collar
15:34 Bow Saw
22:57 Fletching
siggi7
5:47 Loom
10:35 Feudal Age
10:53 Man-at-Arms
11:25 Gold Mining
11:22 Double-Bit Axe
12:38 Arson
14:17 Scale Barding Armor
17:42 Forging
22:15 Castle Age
20:19 Horse Collar
20:32 Stone Mining
22:20 Bloodlines
22:20 Light Cavalry
24:13 Bow Saw
26:36 Husbandry
28:07 Town Watch
29:10 Wheelbarrow
Ak-guy
11:24 Feudal Age
15:12 Castle Age
13:39 Scale Barding Armor
13:48 Double-Bit Axe
13:44 Horse Collar
15:58 Husbandry
19:59 Bow Saw
19:50 Heavy Plow
Chiripa605
1:57 Loom
12:19 Feudal Age
14:23 Double-Bit Axe
16:41 Castle Age
15:33 Scale Mail Armor
15:44 Horse Collar
18:50 Arson
19:09 Squires
22:11 Bow Saw
22:59 Chain Mail Armor
26:51 Arson
28:01 Wheelbarrow
27:58 Forging
29:19 Iron Casting
the Puchu
3:18 Loom
13:07 Feudal Age
20:03 Town Watch
20:55 Wheelbarrow
27:09 Fletching
30:07 Castle Age
Connection lost

Rejoining the realm…

Still unreachable

The connection could not be restored.

Session expired

The server has moved on; the page needs a fresh start.